[Event "Titled Tuesday Blitz February 22 Late 2022"]
[White "Vine, Elzbieta"]
[Black "Stanisz, Patryk"]
[WhiteFideId "1119320"]
[BlackFideId "1123106"]
[WhiteElo "1887"]
[BlackElo "1876"]
[Result "0-1"]
[Round "05"]
[TimeControl "180+1"]
[Date "2022.02.23"]
[WhiteClock "0:00:02"]
[BlackClock "0:00:09"]

1. e4 c5 2. Nf3 Nc6 3. d4 cxd4 4. Nxd4 Nf6 5. Nc3 e5 6. Ndb5 d6 7. Bg5 a6 8. Na3 b5 9. Nd5 Qa5+ 10. c3 Nxe4 11. Be3 Rb8 12. Bd3 f5 13. Bxe4 fxe4 14. Qh5+ g6 15. Nf6+ Kf7 16. Qh4 Qd8 17. Qxe4 Qxf6 18. Qxc6 Bb7 19. Qc7+ Be7 20. O-O Rhc8 21. Qa5 Qh4 22. Nc2 Qe4 23. Ne1 Kg7 24. Ba7 Ra8 25. Qb6 Rc6 26. Qe3 Qxe3 27. Bxe3 Rf8 28. Rd1 Rcc8 29. Nd3 Be4 30. f3 Bb7 31. Nb4 Kf7 32. Nd5 Bxd5 33. Rxd5 Ke6 34. Rfd1 Rc6 35. Bh6 Rfc8 36. Kf1 Rc5 37. Rxc5 Rxc5 38. Ke2 Rc4 39. Be3 Rc6 40. Rd2 a5 41. Rd1 d5 42. Rd2 b4 43. cxb4 Bxb4 44. Rd1 Rc2+ 45. Bd2 Rxb2 0-1


[Site "https://www.chess.com"]

[Event "Titled Tuesday Blitz February 22 Late 2022"]
[White "Vlassov, Nikolai"]
[Black "Noboa Silva, Kevin"]
[WhiteFideId "4103360"]
[BlackFideId "3618471"]
[WhiteElo "2407"]
[BlackElo "2161"]
[Result "1-0"]
[Round "05"]
[TimeControl "180+1"]
[Date "2022.02.23"]
[WhiteClock "0:02:00"]
[BlackClock "0:00:13"]

1. e4 e6 2. d4 d5 3. exd5 exd5 4. Nf3 Bd6 5. c4 Nf6 6. c5 Be7 7. Bd3 Bg4 8. O-O Nc6 9. Be3 O-O 10. Bb5 Re8 11. h3 Bxf3 12. Qxf3 Ne4 13. Nc3 Bf6 14. Rad1 a6 15. Ba4 Nxc3 16. bxc3 Re4 17. Rb1 Na5 18. Bc2 Re7 19. Qf5 Re6 20. Qxh7+ Kf8 21. Bf5 Rc6 22. Rfe1 Ke7 23. Bg5+ Re6 24. Rxe6+ fxe6 25. Qxg7+ Ke8 26. Bg6# 1-0


[Site "https://www.chess.com"]

[Event "Titled Tuesday Blitz February 22 Late 2022"]
[White "Vusatiuk, Vladimir"]
[Black "Csonka, Balazs"]
[WhiteFideId "14118610"]
[BlackFideId "742910"]
[WhiteElo "2157"]
[BlackElo "2404"]
[Result "0-1"]
[Round "05"]
[TimeControl "180+1"]
[Date "2022.02.23"]
[WhiteClock "0:00:09"]
[BlackClock "0:00:06"]

1. Nf3 Nf6 2. h4 d5 3. d3 c5 4. h5 h6 5. Nbd2 Nc6 6. e4 Bg4 7. Be2 e6 8. c3 Bxh5 9. e5 Bxf3 10. exf6 Bxe2 11. fxg7 Bxg7 12. Qxe2 Qf6 13. Nf3 O-O-O 14. Be3 Qe7 15. Kf1 b6 16. a4 Kb7 17. Qd2 e5 18. Kg1 Qe6 19. a5 d4 20. cxd4 cxd4 21. axb6 axb6 22. Rh4 dxe3 23. Qxe3 Ra8 24. Rc1 Rhc8 25. Nd2 f5 26. Nc4 Ra6 27. Kh2 Qd7 28. Ra1 f4 29. Qc1 Rxa1 30. Qxa1 Nd4 31. Qe1 Nf5 32. Qe4+ Rc6 33. Rh5 Nd6 34. Qd5 Kc7 35. Nxe5 Bxe5 36. Qxe5 Rc5 37. d4 Rxe5 38. dxe5 Qe6 39. exd6+ Qxd6 40. Rh4 f3+ 41. g3 Qd2 42. Rf4 Qxf2+ 43. Kh3 Qg2+ 44. Kg4 f2 45. Rf7+ Kc6 46. Rf6+ Kb7 47. Rf5 f1=Q 48. Rxf1 Qxf1 49. b4 Qc4+ 50. Kh5 Qxb4 51. Kxh6 Qe4 52. g4 Qxg4 0-1


[Site "https://www.chess.com"]

[Event "Titled Tuesday Blitz February 22 Late 2022"]
[White "Wan, Joseph"]
[Black "Elissalt Cardenas, Hector"]
[WhiteFideId "2069890"]
[BlackFideId "3500632"]
[WhiteElo "2149"]
[BlackElo "2159"]
[Result "1-0"]
[Round "05"]
[TimeControl "180+1"]
[Date "2022.02.23"]
[WhiteClock "0:01:35"]
[BlackClock "0:00:06"]

1. d4 d5 2. Bf4 Nf6 3. e3 e6 4. Nf3 b6 5. Bd3 Bb7 6. Nbd2 Ne4 7. O-O Bd6 8. Ne5 O-O 9. c3 Nd7 10. Qc2 Bxe5 11. dxe5 Ndc5 12. Nxe4 Nxd3 13. Nf6+ gxf6 14. Qxd3 fxe5 15. Bxe5 f6 16. Bg3 Kh8 17. Rad1 Qe7 18. Qd4 Rg8 19. Rfe1 Raf8 20. c4 c5 21. Qh4 Rg6 22. f3 Rfg8 23. Rd2 Qg7 24. Red1 Rh6 25. Qf4 Rg6 26. b3 e5 27. Qf5 d4 28. exd4 cxd4 29. Re1 Bxf3 30. Qxf3 Qh6 31. Rde2 1-0


[Site "https://www.chess.com"]

[Event "Titled Tuesday Blitz February 22 Late 2022"]
[White "Warakomska, Anna"]
[Black "Mirzoev, Azer"]
[WhiteFideId "1130790"]
[BlackFideId "13400304"]
[WhiteElo "2062"]
[BlackElo "2525"]
[Result "1-0"]
[Round "05"]
[TimeControl "180+1"]
[Date "2022.02.23"]
[WhiteClock "0:01:14"]
[BlackClock "0:00:59"]

1. e4 Nf6 2. e5 Nd5 3. d4 d6 4. Nf3 dxe5 5. Nxe5 c6 6. c3 Nd7 7. Nxd7 Bxd7 8. Bd3 Qc8 9. O-O Bf5 10. Bc4 e6 11. Nd2 Be7 12. Re1 O-O 13. Nf1 Rd8 14. Ne3 Bg6 15. Nxd5 cxd5 16. Bd3 Bd6 17. Bg5 Re8 18. Bxg6 hxg6 19. Re3 f6 20. Bh4 g5 21. Bg3 Bf8 22. Qh5 Qd7 23. Rae1 Rac8 24. f4 gxf4 25. Bxf4 Qf7 26. Qg4 Rc6 27. Rh3 g5 28. Bxg5 fxg5 29. Qxg5+ Bg7 30. Rf1 Qe7 31. Qh5 Bf6 32. Qg6+ Bg7 33. Qh7# 1-0


[Site "https://www.chess.com"]

[Event "Titled Tuesday Blitz February 22 Late 2022"]
[White "Weber, Samuel"]
[Black "Migot, Tangi"]
[WhiteFideId "12924008"]
[BlackFideId "662445"]
[WhiteElo "2215"]
[BlackElo "2507"]
[Result "1-0"]
[Round "05"]
[TimeControl "180+1"]
[Date "2022.02.23"]
[WhiteClock "0:00:21"]
[BlackClock "0:00:08"]

1. e4 c6 2. d3 Na6 3. Nd2 d5 4. Ngf3 Bg4 5. Be2 e6 6. O-O Nf6 7. Re1 Be7 8. e5 Nd7 9. c3 c5 10. h3 Bh5 11. Nf1 O-O 12. Ng3 Bxf3 13. Bxf3 Rc8 14. Bf4 b5 15. a4 b4 16. c4 Nc7 17. Qb3 d4 18. a5 Bg5 19. Bxg5 Qxg5 20. Ne4 Qxe5 21. Qa4 Nf6 22. Qc6 Nxe4 23. Rxe4 Qg5 24. Rg4 Qe7 25. Qb7 f5 26. Rg3 a6 27. Re1 Qd6 28. Qb6 Rcd8 29. Bb7 e5 30. Qxd6 Rxd6 31. Rxe5 g6 32. Rxc5 Ne6 33. Rd5 Rfd8 34. Rxd6 Rxd6 35. f4 Nc5 36. Bd5+ Kf8 37. Rf3 Rd7 38. Kf2 Re7 39. Kf1 Kg7 40. g4 fxg4 41. hxg4 h5 42. f5 hxg4 43. f6+ Kf8 44. fxe7+ Kxe7 45. Rf4 g3 46. Rxd4 1-0


[Site "https://www.chess.com"]

[Event "Titled Tuesday Blitz February 22 Late 2022"]
[White "Weetik, Vjacheslav"]
[Black "Avramidou, Anastasia"]
[WhiteFideId "4153472"]
[BlackFideId "4239873"]
[WhiteElo "2469"]
[BlackElo "2183"]
[Result "1/2-1/2"]
[Round "05"]
[TimeControl "180+1"]
[Date "2022.02.23"]
[WhiteClock "0:00:24"]
[BlackClock "0:00:14"]

1. e4 e6 2. d4 d5 3. Nd2 Be7 4. Ngf3 Nf6 5. e5 Nfd7 6. Bd3 c5 7. c3 Nc6 8. O-O f6 9. exf6 Nxf6 10. Re1 O-O 11. Nf1 h6 12. Ng3 Qc7 13. a3 Bd7 14. Bc2 Rae8 15. b4 b6 16. Ra2 Bd6 17. Bb1 e5 18. b5 e4 19. bxc6 Bg4 20. h3 Bxg3 21. hxg4 exf3 22. gxf3 Bd6 23. Bg6 Rxe1+ 24. Qxe1 Qxc6 25. Qe6+ Kh8 26. Bf4 Rd8 27. Re2 cxd4 28. cxd4 Qc7 29. Bxd6 Qxd6 30. Qxd6 Rxd6 31. Re7 Kg8 32. Rxa7 Kf8 33. Rf7+ Kg8 34. Rb7 Kf8 35. Kg2 Rc6 36. Rf7+ Kg8 37. Rb7 Kf8 38. a4 Rc4 39. Rxb6 Rxa4 40. Rb8+ Ke7 41. Rb7+ Kf8 42. f4 Rxd4 43. g5 hxg5 44. f5 Rg4+ 45. Kf3 Rf4+ 46. Ke2 Re4+ 47. Kd3 Rf4 48. Rf7+ Kg8 49. Ra7 Kf8 50. Ke2 Re4+ 51. Kf1 Rb4 52. Kg2 g4 53. Rf7+ Kg8 54. Ra7 Rb8 55. Kg3 Rd8 56. Bf7+ Kf8 57. Be6 Ne4+ 58. Kxg4 d4 59. Rf7+ Ke8 60. Rxg7 d3 61. Rg8+ Ke7 62. Rxd8 Kxd8 63. Kf3 Nc5 64. Ke3 Ke7 65. Bc4 Kf6 66. Bxd3 Nxd3 67. Kxd3 Kxf5 68. Ke3 Ke5 69. Kf3 Kf5 70. Ke3 Ke5 71. Kf3 Kf5 72. Kg3 Kg5 73. f3 Kf5 74. Kf2 Kf4 75. Ke2 Kf5 76. Kd3 Kf4 77. Ke2 Kf5 78. Ke3 Ke5 79. f4+ Kf5 80. Kf3 Kf6 81. Kg4 Kg6 82. Kg3 Kf5 83. Kf3 Kf6 84. Ke4 Ke6 85. Kd4 Kf5 86. Ke3 Kf6 87. Ke4 Ke6 88. f5+ Kf6 89. Kf4 Kf7 90. Kg5 Kg7 91. Kg4 Kf6 92. Kf4 Kf7 93. Ke5 Ke7 94. f6+ Kf7 95. Kf5 Kf8 96. Kg6 Kg8 97. Kg5 Kf7 98. Kf5 Kf8 99. Ke6 Ke8 100. f7+ Kf8 101. Kf6 1/2-1/2


[Site "https://www.chess.com"]

[Event "Titled Tuesday Blitz February 22 Late 2022"]
[White "Willathgamuwa, Kevin"]
[Black "Kopczynski, Michal"]
[WhiteFideId "3214168"]
[BlackFideId "1124200"]
[WhiteElo "1943"]
[BlackElo "2235"]
[Result "0-1"]
[Round "05"]
[TimeControl "180+1"]
[Date "2022.02.23"]
[WhiteClock "0:00:11"]
[BlackClock "0:00:09"]

1. e4 c5 2. c3 d5 3. exd5 Qxd5 4. d4 cxd4 5. cxd4 Nc6 6. Nf3 Bg4 7. Be2 e6 8. Nc3 Bb4 9. O-O Bxc3 10. bxc3 Nge7 11. h3 Bf5 12. Be3 O-O 13. c4 Qd7 14. Qb3 Rfd8 15. Rfd1 h6 16. Ne5 Nxe5 17. dxe5 Qc7 18. f4 Rxd1+ 19. Rxd1 Be4 20. Bf2 Qc6 21. Rd6 Qc7 22. Bf3 Bxf3 23. Qxf3 Nf5 24. Rd1 Rc8 25. g4 Ne7 26. Rc1 Rd8 27. Qe3 Nc6 28. Qe4 Rd2 29. a4 Qd7 30. Rb1 Rd1+ 31. Kg2 Rxb1 32. Qxb1 b6 33. Qb5 Qb7 34. Kf1 Na5 35. c5 Qh1+ 36. Ke2 Qe4+ 37. Be3 Nc4 38. Qe8+ Kh7 39. Qxf7 Qxe3+ 40. Kf1 Nd2+ 41. Kg2 Qf3+ 42. Kg1 Qg3+ 43. Kh1 Qxh3+ 44. Kg1 Qxg4+ 45. Kf2 Ne4+ 46. Ke3 Nxc5 47. f5 Qxf5 48. Qxa7 Qxe5+ 49. Kf3 Qd5+ 50. Kf4 Qe4+ 51. Kg3 Qxa4 52. Qxb6 Qb3+ 53. Qxb3 Nxb3 54. Kf4 Nc5 55. Ke5 h5 56. Kd6 h4 57. Ke7 h3 58. Kf8 h2 59. Ke7 h1=Q 60. Kf7 Qf3+ 61. Ke7 e5 62. Kd6 e4 63. Ke5 e3 64. Kd4 e2 65. Kc4 e1=Q 66. Kb5 Qd3+ 67. Kc6 Qe6+ 68. Kc7 Qdd7+ 69. Kb8 Qb7# 0-1


[Site "https://www.chess.com"]

[Event "Titled Tuesday Blitz February 22 Late 2022"]
[White "Winkels, Marcel"]
[Black "Thomas, Anysia"]
[WhiteFideId "1003887"]
[BlackFideId "670472"]
[WhiteElo "1900"]
[BlackElo "2002"]
[Result "1-0"]
[Round "05"]
[TimeControl "180+1"]
[Date "2022.02.23"]
[WhiteClock "0:00:27"]
[BlackClock "0:00:01"]

1. e4 c5 2. Nf3 g6 3. c4 Nc6 4. d4 cxd4 5. Nxd4 Bg7 6. Be3 Nf6 7. Nc3 Ng4 8. Qxg4 Nxd4 9. Qd1 e5 10. Bd3 O-O 11. O-O d6 12. Nd5 Be6 13. f4 exf4 14. Bxf4 f5 15. exf5 Bxd5 16. cxd5 Nxf5 17. Qb3 Qf6 18. Bxf5 Qxf5 19. h3 Qd7 20. Qb4 Rad8 21. Rae1 Rf7 22. Re6 Rdf8 23. Ree1 b6 24. Bxd6 a5 25. Rxf7 Qxf7 26. Qe4 Qf2+ 27. Kh2 Rf7 28. Qe8+ Bf8 29. Bxf8 Rxf8 30. Qe6+ Rf7 31. d6 Kg7 32. d7 Rxd7 33. Qxd7+ Kh6 34. Qe6 1-0


[Site "https://www.chess.com"]

[Event "Titled Tuesday Blitz February 22 Late 2022"]
[White "Wu, Christopher"]
[Black "Virtanen, Teemu"]
[WhiteFideId "2040875"]
[BlackFideId "509850"]
[WhiteElo "2638"]
[BlackElo "1926"]
[Result "1-0"]
[Round "05"]
[TimeControl "180+1"]
[Date "2022.02.23"]
[WhiteClock "0:00:03"]
[BlackClock "0:00:03"]

1. d4 Nf6 2. c4 e6 3. Nf3 b6 4. g3 Bb7 5. Bg2 Be7 6. O-O O-O 7. Re1 d5 8. Ne5 Nbd7 9. Nc3 c6 10. Bf4 Nxe5 11. dxe5 Nd7 12. h4 Nc5 13. b4 d4 14. bxc5 dxc3 15. Qb3 Bxc5 16. Rad1 Qe7 17. Bg5 f6 18. exf6 gxf6 19. Bh6 Rfd8 20. Rc1 a5 21. Red1 Bb4 22. a3 Bxa3 23. Rxc3 Bc5 24. Rcd3 Rac8 25. Bh3 Kf7 26. Qc2 Rxd3 27. Qxd3 f5 28. Bxf5 Qf6 29. Qd7+ Be7 30. Qxb7 Rg8 31. Bg5 Qxf5 32. Qxe7+ Kg6 33. Rd7 1-0


[Site "https://www.chess.com"]

[Event "Titled Tuesday Blitz February 22 Late 2022"]
[White "Yuan, Qingyu"]
[Black "Babazada, Khazar"]
[WhiteFideId "8609772"]
[BlackFideId "13413554"]
[WhiteElo "2359"]
[BlackElo "2418"]
[Result "1-0"]
[Round "05"]
[TimeControl "180+1"]
[Date "2022.02.22"]
[WhiteClock "0:00:33"]
[BlackClock "0:00:37"]

1. Nf3 g6 2. e4 Bg7 3. d4 c6 4. c3 d5 5. e5 Nh6 6. h3 O-O 7. Bd3 f6 8. exf6 exf6 9. O-O Re8 10. Bf4 Nd7 11. Nbd2 Nf8 12. Qb3 g5 13. Bh2 Qb6 14. Qc2 Ng6 15. Rfe1 Qd8 16. a4 Be6 17. a5 Qd7 18. Nb3 b6 19. Re2 Bf5 20. Rae1 Kf7 21. Bxf5 Nxf5 22. Rxe8 Rxe8 23. Rxe8 Kxe8 24. Qe2+ Nfe7 25. Qa6 Nc8 26. Nbd2 Bf8 27. axb6 axb6 28. Nf1 h5 29. Ne3 g4 30. hxg4 hxg4 31. Ne1 Bh6 32. Qd3 Kd8 33. Qxg6 Bxe3 34. Qg8+ 1-0


[Site "https://www.chess.com"]

[Event "Titled Tuesday Blitz February 22 Late 2022"]
[White "Zakhartsov, Vladimir"]
[Black "Karas, Marek"]
[WhiteFideId "4145097"]
[BlackFideId "14928558"]
[WhiteElo "2432"]
[BlackElo "2270"]
[Result "1-0"]
[Round "05"]
[TimeControl "180+1"]
[Date "2022.02.22"]
[WhiteClock "0:01:00"]
[BlackClock "0:00:48"]

1. e4 e6 2. d4 d5 3. Nd2 a6 4. c3 c5 5. e5 Nc6 6. Ndf3 b5 7. Bd3 Qb6 8. Ne2 Bd7 9. O-O f6 10. Nf4 c4 11. Bc2 O-O-O 12. b3 fxe5 13. dxe5 Nge7 14. Be3 Qb7 15. a4 cxb3 16. Bxb3 Na5 17. axb5 Nxb3 18. bxa6 Qb5 19. a7 Kb7 20. Rb1 Ka8 21. Rxb3 Qc4 22. Rb4 Qa6 23. Rb6 Qc4 24. Qb1 Nc6 25. Qb2 Bc5 26. Nd2 Nxe5 27. Nxc4 Nxc4 28. Rb8+ Rxb8 29. axb8=Q+ Rxb8 30. Ra1+ Ba3 31. Rxa3+ Nxa3 32. Qxa3+ Kb7 33. h4 1-0


[Site "https://www.chess.com"]

[Event "Titled Tuesday Blitz February 22 Late 2022"]
[White "volunteers1998"]
[Black "Petrovic, Aleksa"]
[BlackFideId "967629"]
[WhiteElo "2269"]
[BlackElo "2139"]
[Result "0-1"]
[Round "05"]
[TimeControl "180+1"]
[Date "2022.02.23"]
[WhiteClock "0:00:14"]
[BlackClock "0:00:20"]

1. e4 d6 2. d4 Nf6 3. Nc3 c6 4. f4 Qa5 5. Bd3 e5 6. Nf3 Bg4 7. Be3 Nbd7 8. O-O g6 9. h3 Bxf3 10. Qxf3 Bg7 11. a3 exd4 12. Bxd4 O-O 13. Rae1 Rfe8 14. e5 dxe5 15. fxe5 Nxe5 16. Qf2 Nxd3 17. Rxe8+ Rxe8 18. cxd3 Re6 19. Ne4 Qf5 20. Qxf5 gxf5 21. Nxf6+ Bxf6 22. Bxf6 Rxf6 23. g4 Rd6 24. Rxf5 Rxd3 25. Kg2 Rd2+ 26. Rf2 Rxf2+ 27. Kxf2 Kg7 28. Kg3 Kg6 29. Kf4 Kf6 30. h4 c5 31. Ke4 Ke6 32. a4 b6 33. h5 f6 34. Kf4 h6 35. Ke4 a6 36. Kf4 b5 37. b3 c4 38. axb5 axb5 39. bxc4 bxc4 40. Ke4 c3 41. Kd3 Ke5 42. Kxc3 Kf4 43. Kd3 Kxg4 44. Ke3 Kxh5 45. Kf4 Kg6 46. Kg4 f5+ 47. Kf4 h5 48. Kg3 Kg5 49. Kf3 f4 50. Kg2 Kg4 51. Kf2 f3 52. Kg1 Kg3 53. Kf1 f2 54. Ke2 Kg2 0-1


[Site "https://www.chess.com"]

[Event "Titled Tuesday Blitz February 22 Late 2022"]
[White "Abdrlauf, Elham"]
[Black "Nasuta, Grzegorz"]
[WhiteFideId "1533533"]
[BlackFideId "1141686"]
[WhiteElo "2334"]
[BlackElo "2396"]
[Result "1-0"]
[Round "06"]
[TimeControl "180+1"]
[Date "2022.02.22"]
[WhiteClock "0:00:26"]
[BlackClock "0:00:39"]

1. e4 c5 2. Nf3 d6 3. d4 cxd4 4. Nxd4 Nf6 5. Nc3 a6 6. Bc4 e6 7. Bb3 Nbd7 8. f4 Nc5 9. f5 Be7 10. Qf3 Qc7 11. Be3 b5 12. fxe6 fxe6 13. e5 Bb7 14. Qh3 dxe5 15. Nxe6 Nxe6 16. Qxe6 Rf8 17. O-O-O Bc8 18. Nd5 Nxd5 19. Qxd5 Bb7 20. Qd3 g6 21. Rhf1 Rd8 22. Rxf8+ Kxf8 23. Qf1+ Kg7 24. Qf7+ Kh8 25. Bh6 Rxd1+ 26. Kxd1 Qd8+ 27. Ke1 1-0


[Site "https://www.chess.com"]

[Event "Titled Tuesday Blitz February 22 Late 2022"]
[White "Adury, Anant"]
[Black "Melian, Juan Sebastian"]
[WhiteFideId "30964687"]
[BlackFideId "3706575"]
[WhiteElo "2300"]
[BlackElo "1842"]
[Result "1-0"]
[Round "06"]
[TimeControl "180+1"]
[Date "2022.02.23"]
[WhiteClock "0:00:30"]
[BlackClock "0:00:06"]

1. Nf3 d5 2. g3 c6 3. Bg2 Nf6 4. O-O Bf5 5. b3 Nbd7 6. Bb2 e6 7. Ne5 h6 8. d3 Bh7 9. Nd2 Bd6 10. Nxd7 Qxd7 11. e4 dxe4 12. Nxe4 Nxe4 13. dxe4 f6 14. e5 Bxe5 15. Bxe5 fxe5 16. Qh5+ Qf7 17. Qxe5 O-O 18. c4 Rad8 19. Bh3 Bf5 20. Bxf5 Qxf5 21. Qxf5 exf5 22. Rad1 Kf7 23. f4 Rfe8 24. Kf2 Kf6 25. Rfe1 g5 26. Kf3 Rxe1 27. Rxd8 Rf1+ 28. Kg2 Ra1 29. Rd6+ Kg7 30. Rd2 Kg6 31. Rd6+ Kh5 32. Rd2 gxf4 33. gxf4 Kg4 34. Rf2 Re1 35. h3+ Kh4 36. Rd2 Re3 37. Rd7 Rg3+ 38. Kf2 Rxh3 39. Rxb7 Rh2+ 40. Kf3 Rxa2 41. Rc7 Rb2 42. Rxc6 Rxb3+ 43. Kf2 h5 44. Rg6 Rc3 45. Rg5 Rxc4 46. Rxf5 Kg4 47. Rg5+ Kh4 48. Kf3 Rc3+ 49. Ke4 Rc1 50. Ra5 Re1+ 51. Kf5 Kg3 52. Kg5 Rf1 53. f5 h4 54. Ra3+ Rf3 55. Rxf3+ Kxf3 56. Kxh4 a5 57. f6 a4 58. f7 a3 59. f8=Q+ 1-0


[Site "https://www.chess.com"]

[Event "Titled Tuesday Blitz February 22 Late 2022"]
[White "Aldokhin, Ivan"]
[Black "Buchenau, Frank"]
[WhiteFideId "24115720"]
[BlackFideId "4604350"]
[WhiteElo "2231"]
[BlackElo "2193"]
[Result "0-1"]
[Round "06"]
[TimeControl "180+1"]
[Date "2022.02.23"]
[WhiteClock "0:02:39"]
[BlackClock "0:02:47"]

1. e4 e6 2. d4 d5 3. Nc3 Nf6 4. e5 Nfd7 5. f4 c5 6. Nf3 Nc6 7. Be3 a6 8. Qd2 b5 9. g3 Qb6 10. Bg2 cxd4 11. Nxd4 Bc5 12. Nce2 b4 13. O-O a5 14. Nxc6 Bxe3+ 0-1


[Site "https://www.chess.com"]

[Event "Titled Tuesday Blitz February 22 Late 2022"]
[White "Andreikin, Dmitry"]
[Black "Wu, Christopher"]
[WhiteFideId "4158814"]
[BlackFideId "2040875"]
[WhiteElo "2736"]
[BlackElo "2643"]
[Result "1-0"]
[Round "06"]
[TimeControl "180+1"]
[Date "2022.02.22"]
[WhiteClock "0:00:57"]
[BlackClock "0:00:18"]

1. e4 c5 2. Nf3 e6 3. d4 cxd4 4. Nxd4 Nc6 5. Nc3 Qc7 6. g4 a6 7. g5 Bc5 8. Nb3 Ba7 9. Qe2 b5 10. Be3 Bb7 11. Bxa7 Rxa7 12. Qe3 Nge7 13. h4 Ra8 14. h5 Rc8 15. O-O-O Ne5 16. a3 d5 17. f4 Nc4 18. Bxc4 bxc4 19. Nd2 Rd8 20. Nf3 dxe4 21. Rxd8+ Qxd8 22. Ne5 Nf5 23. Qa7 Qc7 24. h6 g6 25. Nxe4 O-O 26. Nf6+ Kh8 27. Rd1 Ra8 28. Qxa8+ Bxa8 29. Rd8+ Qxd8 30. Nxf7# 1-0


[Site "https://www.chess.com"]

[Event "Titled Tuesday Blitz February 22 Late 2022"]
[White "Aradhya, Garg"]
[Black "Djokic, Mihailo"]
[WhiteFideId "25006746"]
[BlackFideId "976440"]
[WhiteElo "2169"]
[BlackElo "2008"]
[Result "0-1"]
[Round "06"]
[TimeControl "180+1"]
[Date "2022.02.23"]
[WhiteClock "0:00:03"]
[BlackClock "0:00:39"]

1. d4 Nf6 2. c4 g6 3. g3 Bg7 4. Bg2 O-O 5. Nc3 d6 6. Nf3 Nc6 7. O-O a6 8. b3 Rb8 9. d5 Na5 10. Bg5 c5 11. dxc6 Nxc6 12. Rc1 h6 13. Be3 Bf5 14. Nd4 Nxd4 15. Bxd4 Qd7 16. Qd2 h5 17. Rfd1 Kh7 18. a4 Rfc8 19. Bxf6 Bxf6 20. Nd5 Qe6 21. Nb6 Rd8 22. Bd5 Qe5 23. Bf3 e6 24. a5 Qb2 25. Na4 Qxb3 26. Nb6 Bb2 27. Rb1 Bxb1 28. Rxb1 Bc3 29. Qd3 Qa2 30. Bxh5 Bxa5 31. Bf3 Qd2 32. Qe4 d5 33. cxd5 Bxb6 34. Rxb6 Rxd5 35. Qh4+ Kg7 36. Bxd5 Qd1+ 37. Kg2 Qxd5+ 38. e4 Qd4 39. Qf4 Qxb6 40. Qe5+ Kh7 41. Qxb8 Qc6 42. f3 b5 43. Qf4 Kg8 44. Qb8+ Kg7 45. Qe5+ f6 46. Qb8 Qd7 47. g4 g5 48. h4 gxh4 49. Kh3 a5 50. Kxh4 a4 51. g5 fxg5+ 52. Kxg5 Qe7+ 53. Kg4 e5 54. Qxb5 a3 55. Qa6 Kh7 56. Kh5 Qf7+ 57. Kg5 Qf4+ 58. Kh5 Qxf3+ 59. Kg5 Qf4+ 60. Kh5 Qf3+ 61. Kg5 Qg2+ 62. Kf5 a2 63. Qa7+ Kh6 64. Qb6+ Kh5 65. Qa6 Qf3+ 66. Kxe5 Qc3+ 67. Kf5 Qf3+ 68. Ke5 Qg3+ 69. Kf5 Qg5+ 70. Ke6 Qg6+ 71. Kd5 Qxa6 72. e5 a1=Q 73. e6 Q1a2+ 74. Ke4 Q2xe6+ 75. Kd4 Qac4# 0-1


[Site "https://www.chess.com"]

[Event "Titled Tuesday Blitz February 22 Late 2022"]
[White "Araujo Filho, Luiz Antonio Coel"]
[Black "Estrada Nieto, Julian"]
[WhiteFideId "2130661"]
[BlackFideId "5101018"]
[WhiteElo "2219"]
[BlackElo "2246"]
[Result "1-0"]
[Round "06"]
[TimeControl "180+1"]
[Date "2022.02.23"]
[WhiteClock "0:00:25"]
[BlackClock "0:00:43"]

1. d4 d5 2. Nf3 Nf6 3. e3 c5 4. c3 Nc6 5. Nbd2 e6 6. Bd3 Be7 7. Qe2 O-O 8. O-O b6 9. dxc5 bxc5 10. e4 Bb7 11. e5 Nd7 12. Re1 a5 13. Nf1 Qb6 14. Bb1 Ba6 15. Qc2 g6 16. h4 Qc7 17. Bf4 f6 18. exf6 Qxf4 19. fxe7 Nxe7 20. Rxe6 Nf5 21. Qd2 Qg4 22. Qxd5 Bc4 23. Rxg6+ Kh8 24. Rxg4 Bxd5 25. N1d2 Rae8 26. Bd3 Nd6 27. Rd1 Nb6 28. Rg5 c4 29. Bb1 Ne4 30. Nxe4 Bxe4 31. Bxe4 Rxe4 32. Rxa5 Re2 33. Rd2 Rxd2 34. Nxd2 Rd8 35. Nf3 Rd1+ 36. Kh2 Nd5 37. Nd4 Rd2 38. Rxd5 1-0


[Site "https://www.chess.com"]

[Event "Titled Tuesday Blitz February 22 Late 2022"]
[White "Aukhatov, Roman"]
[Black "Wan, Joseph"]
[WhiteFideId "44150768"]
[BlackFideId "2069890"]
[WhiteElo "2112"]
[BlackElo "2149"]
[Result "0-1"]
[Round "06"]
[TimeControl "180+1"]
[Date "2022.02.23"]
[WhiteClock "0:00:05"]
[BlackClock "0:00:28"]

1. Nf3 g6 2. e4 Bg7 3. d4 d6 4. c3 Nf6 5. Bd3 O-O 6. O-O Nbd7 7. Re1 e5 8. Nbd2 c6 9. b4 Qc7 10. a4 Re8 11. a5 d5 12. exd5 cxd5 13. dxe5 Nxe5 14. Nxe5 Rxe5 15. Nf3 Rxe1+ 16. Qxe1 Bg4 17. Bd2 Re8 18. Qf1 Ne4 19. Bxe4 dxe4 20. Nd4 Qe5 21. Be3 h5 22. h3 Bd7 23. c4 f5 24. g3 Qd6 25. c5 Qf6 26. h4 a6 27. Rd1 Ba4 28. Rd2 Kh7 29. Qa1 Bd7 30. Qd1 f4 31. Bxf4 Bg4 32. Qe1 Rd8 33. Bg5 Qxd4 34. Bxd8 Qxb4 35. Qc1 e3 36. fxe3 Qe4 37. Bg5 Be5 38. Bf4 Bg7 39. Rd8 Bh3 40. Qd2 Qf3 41. Qf2 Qc6 42. Kh2 Bg4 43. Bd6 Be6 44. Rf8 Bxf8 45. Qxf8 Qd5 46. Qe7+ Kg8 47. Qd8+ Kh7 48. Qc7+ Bf7 49. e4 Qd2+ 50. Kh3 Qf2 51. Bf4 Qf1+ 52. Kh2 Qf2+ 53. Kh1 Kg8 54. Qd8+ Kh7 55. Qd2 Qf3+ 56. Kh2 Qxe4 57. Qb2 Bd5 0-1


[Site "https://www.chess.com"]

[Event "Titled Tuesday Blitz February 22 Late 2022"]
[White "Avramidou, Anastasia"]
[Black "Klukin, Kirill"]
[WhiteFideId "4239873"]
[BlackFideId "24199273"]
[WhiteElo "2183"]
[BlackElo "2324"]
[Result "1-0"]
[Round "06"]
[TimeControl "180+1"]
[Date "2022.02.23"]
[WhiteClock "0:00:03"]
[BlackClock "0:00:05"]

1. Nf3 c5 2. c4 Nc6 3. Nc3 g6 4. g3 Bg7 5. Bg2 a6 6. O-O Rb8 7. e3 b5 8. cxb5 axb5 9. d4 cxd4 10. exd4 b4 11. Ne4 Nf6 12. Nxf6+ Bxf6 13. Bh6 Qb6 14. Re1 Nxd4 15. Nxd4 Qxd4 16. Qe2 Qxb2 17. Qe3 Qxa1 18. Rxa1 Bxa1 19. Qa7 Be5 20. Bg7 Bxg7 21. Qxb8 O-O 22. Qxb4 d6 23. Qe4 Be6 24. a4 Bc3 25. Qc6 Rc8 26. Qb7 Kf8 27. Bc6 Ba5 28. Bd7 Rc1+ 29. Kg2 Rc5 30. Bxe6 fxe6 31. Qb8+ Kf7 32. Qh8 h5 33. Qh7+ Kf6 34. Qg8 e5 35. h3 Bc3 36. g4 hxg4 37. hxg4 Bd4 38. Kg3 Rc3+ 39. f3 Be3 40. a5 Rc2 41. g5+ Kxg5 42. f4+ Bxf4+ 43. Kf3 Rc3+ 44. Ke4 Ra3 45. Qd8 Ra4+ 46. Kd5 Kh6 47. Qf8+ Kg5 48. Qxe7+ Kh6 49. Qf8+ Kg5 50. Qd8+ Kh6 51. Qb6 e4 52. a6 e3 53. Qb5 Ra1 54. Kc6 Ra2 55. Kb7 e2 56. Qb1 Rb2+ 57. Qxb2 e1=Q 58. Qb5 Qe4+ 59. Kc8 Be3 60. Qd7 Qa8+ 61. Kc7 Qxa6 62. Qh3+ Kg7 63. Qxe3 Qa5+ 64. Kd7 Qa7+ 65. Qxa7 1-0


[Site "https://www.chess.com"]

[Event "Titled Tuesday Blitz February 22 Late 2022"]
[White "Baker, Chris W"]
[Black "Hjartarson, Johann"]
[WhiteFideId "401676"]
[BlackFideId "2300044"]
[WhiteElo "2256"]
[BlackElo "2484"]
[Result "1-0"]
[Round "06"]
[TimeControl "180+1"]
[Date "2022.02.23"]
[WhiteClock "0:00:03"]
[BlackClock "0:00:01"]

1. c4 e5 2. Nc3 Nf6 3. Nf3 Nc6 4. d4 exd4 5. Nxd4 Bb4 6. Nxc6 bxc6 7. Qc2 O-O 8. a3 Bxc3+ 9. Qxc3 d5 10. e3 Re8 11. Be2 a5 12. cxd5 cxd5 13. Qc2 Ne4 14. O-O Bf5 15. Bd3 Bg6 16. b3 Qd6 17. Bb2 c5 18. Rad1 a4 19. Bb5 axb3 20. Qxb3 c4 21. Qb4 Reb8 22. Qxd6 Nxd6 23. a4 Nxb5 24. axb5 Rxb5 25. Bd4 h5 26. Ra1 Rc8 27. Rfc1 Bd3 28. h3 g5 29. Kh2 Kh7 30. h4 gxh4 31. Ra7 Bg6 32. f4 Kg8 33. Kh3 Rb3 34. Kxh4 c3 35. Kg5 c2 36. f5 Rb1 37. Rxc2 Bxf5 38. Rxc8+ Bxc8 39. Ra8 Rc1 40. Kxh5 Kh7 41. Kg5 Rc2 42. Kf6 Rc6+ 43. Kxf7 Kh6 44. Ke7 Kg5 45. g4 Kxg4 46. Kd8 Bf5 47. Ra5 Be4 48. Ke7 Rc4 49. Rc5 1-0


[Site "https://www.chess.com"]